 Dungeon Crawl Stone Soup version 0.18-a0-1702-gd20c6a5 (webtiles) character file.

161 dvd the Sneak (level 5, -1/43 HPs)
             Began as a Naga Fire Elementalist on Apr 7, 2016.
             Slain by an adder (5 damage)
             ... on level 3 of the Dungeon.
             The game lasted 00:07:22 (2369 turns).

dvd the Sneak (Naga Fire Elementalist)              Turns: 2369, Time: 00:07:23

Health: -1/43      AC:  2    Str: 10    XL:     5   Next: 42%
Magic:  6/8        EV: 10    Int: 17    God:
Gold:   156        SH:  0    Dex: 11    Spells: 2 memorised, 6 levels left

rFire  . . .     SeeInvis +     d - +2 dagger (venom)
rCold  . . .     Gourm    .     a - +0 robe
rNeg   . . .     Faith    .     (no shield)
rPois  +         Spirit   .     (no helmet)
rElec  .         Dismiss  .     (no cloak)
rCorr  .         Reflect  .     (no gloves)
SustAt .         Harm     .     (no barding)
MR     .....                    (no amulet)
Stlth  +++.......               (no ring)
                                (no ring)

@: very slightly contaminated, very slow, not resistant to hostile enchantments,
fairly stealthy
A: see invisible, deformed body, poison resistance, slowness 2, slow metabolism
1, spit poison 2, AC +1
a: Spit Poison


You were on level 3 of the Dungeon.
You were not hungry.

You visited 1 branch of the dungeon, and saw 3 of its levels.

You collected 156 gold pieces.

Inventory:

Hand Weapons
 d - a +2 dagger of venom (weapon)
 n - a cursed -3 short sword
Armour
 a - a +0 robe (worn)
Jewellery
 p - an uncursed ring of ice
Scrolls
 k - 3 scrolls of identify {unknown}
 l - a scroll of remove curse {unknown}
 q - a scroll of magic mapping {unknown}
Potions
 e - a potion of flight {unknown}
 f - a potion of haste {unknown}
 j - a potion of curing {unknown}
Books
 b - a book of Flames

   Spells                             Type                      Level
   a - Flame Tongue                   Conjuration/Fire             1
   b - Throw Flame                    Conjuration/Fire             2
   c - Conjure Flame                  Conjuration/Fire             3
   d - Inner Flame                    Hexes/Fire                   3
   e - Sticky Flame                   Conjuration/Fire             4
   f - Fireball                       Conjuration/Fire             5
Comestibles
 c - a bread ration
 g - a meat ration
 h - a beef jerky
 i - a slice of pizza
 m - 3 fruits
 o - 2 chunks of flesh


   Skills:
 + Level 0.6 Fighting
 + Level 2.3 Dodging
 + Level 4.6 Stealth
 + Level 2.5 Spellcasting
 + Level 1.7 Conjurations
 + Level 4.2 Fire Magic


You had 6 spell levels left.
You knew the following spells:

 Your Spells              Type           Power        Failure   Level  Hunger
a - Flame Tongue          Conj/Fire      ##...        6%          1    #......
b - Throw Flame           Conj/Fire      ##....       10%         2    ##.....


Dungeon Overview and Level Annotations

Branches:
Dungeon (3/15)

Altars:
Nemelex Xobeh


Innate Abilities, Weirdness & Mutations

You cannot wear boots.
Your serpentine skin is tough (AC +1).
You have supernaturally acute eyesight.
Armour fits poorly on your strangely shaped body.
Your system is resistant to poisons.
You cover ground very slowly.
You have a slow metabolism.
You can spit poison.


Message History

The orc hits you with a morningstar!
* * * LOW HITPOINT WARNING * * *
The adder bites you.
* * * LOW HITPOINT WARNING * * *
Unknown command.
Drink which item? (? for menu, Esc to quit)
Okay, then.
Unknown command.
Casting: Flame Tongue
Confirm with . or Enter, or press ? or * to list all spells.
Aiming: Flame Tongue
Press: ? - help, Shift-Dir - straight line, f/p - adder
Aim: an adder (heavily wounded, poisoned)
The flame tongue hits the adder.
The adder is almost dead.
The adder bites you.
* * * LOW HITPOINT WARNING * * *
Unknown command.
The adder bites you.
You die...

###....####S# .
#............ l.
.....###).####..
... ##### ##.###
...#
#...#####$...#
#.#..ooK...#.#
#.#....l).....
###.÷.S###..###.
###......@.....#
#........###.#...
#.#...###....####.
#.#...##...###
##.#.......##
##.).....####
#..÷#.......>
#....#........
#..............


You could see an adder.

Vanquished Creatures
  Terence (D:3)
  3 gnolls (D:2)
  5 adders
  An ooze (D:3)
  4 dart slugs
  2 orcs (D:3)
  2 giant cockroaches
  5 hobgoblins
  3 jackals (D:1)
  A quokka (D:2)
  9 bats
  3 giant newts
  4 goblins
  5 kobolds
  8 rats
56 creatures vanquished.

Notes
Turn   | Place    | Note
--------------------------------------------------------------
     0 | D:1      | dvd the Naga Fire Elementalist began the quest for the Orb.
     0 | D:1      | Reached XP level 1. HP: 15/15 MP: 3/3
   113 | D:1      | Reached XP level 2. HP: 18/22 MP: 3/5
   171 | D:1      | Learned a level 2 spell: Throw Flame
   732 | D:1      | Reached XP level 3. HP: 15/28 MP: 3/6
  1401 | D:2      | Reached XP level 4. HP: 31/36 MP: 3/7
  1883 | D:2      | Found a sparkling altar of Nemelex Xobeh.
  2064 | D:3      | Noticed Terence
  2076 | D:3      | Killed Terence
  2076 | D:3      | Reached XP level 5. HP: 26/43 MP: 2/8
  2369 | D:3      | Slain by an adder

Vault maps used:
D:1:      enne_arrival_octagon_isle
D:2:      nemelex_xobeh_ov_fountains_minmay, roderic_bali_sauvastika
D:3:      kiku_gazebo_garden_becter, cheibriados_altar_1, uniq_terence

Skill      XL: |  1  2  3  4 |
---------------+-------------+-----
Stealth        | 4 |  4.6
Dodging        | 2 |  2.3
Fire Magic     | 4 |  4.2
Fighting       | |  0.6
Spellcasting   | |  2.5
Conjurations   | |  1.7

Action                   |  1- 3 |  4- 6 || total
-------------------------+-------+-------++-------
Melee: Dagger            |    28 |    35 ||    63
       Unarmed           |     2 |       ||     2
 Cast: Flame Tongue      |    15 |    16 ||    31
       Throw Flame       |     1 |     9 ||    10
 Abil: Spit Poison       |    16 |     8 ||    24
 Stab: Sleeping          |     5 |     4 ||     9
  Eat: Chunk             |     2 |     4 ||     6
